 Dungeon Crawl Stone Soup version 0.23.2-33-g5129a83184 (webtiles) character file.

Game seed: 13396889227924052419

1519 kae the Spear-Bearer (level 8, -1/56 HPs)
             Began as a Merfolk Skald on July 17, 2019.
             Slain by an unseen horror (10 damage)
             ... on level 5 of the Dungeon.
             The game lasted 00:08:37 (6194 turns).

kae the Spear-Bearer (Merfolk Skald)                Turns: 6194, Time: 00:08:38

Health: -1/56      AC:  3    Str: 13    XL:     8   Next: 84%
Magic:  7/11       EV: 16    Int: 12    God:
Gold:   189        SH:  6    Dex: 14    Spells: 2/11 levels left

rFire    . . .     SeeInvis .   a - +0 spear
rCold    . . .     Gourm    .   k - +1 buckler
rNeg     . . .     Faith    .   b - +0 leather armour
rPois    .         Spirit   .   (no helmet)
rElec    .         Reflect  .   (no cloak)
rCorr    .         Harm     .   (no gloves)
MR       .....                  (no boots)
Stlth    +.........             (no amulet)
HPRegen  0.18/turn              (no ring)
MPRegen  0.12/turn              r - +6 ring of slaying

@: infused
A: change form in water, swift swim, stealthy swim
a: no special abilities


You were on level 5 of the Dungeon.
You were hungry.

You visited 1 branch of the dungeon, and saw 5 of its levels.
You also visited: Ossuary.

You collected 269 gold pieces.
You spent 80 gold pieces at shops.

Inventory:

Hand Weapons
 a - a +0 spear (weapon)
Armour
 b - a +0 leather armour (worn)
 k - a +1 buckler (worn)
Jewellery
 e - an uncursed ring of ice
 r - a +6 ring of slaying (right hand)
Scrolls
 c - 6 scrolls of identify
 f - 3 scrolls of remove curse
 j - a scroll of fear
 m - 3 scrolls of teleportation
Potions
 g - a potion of heal wounds
 h - a potion of ambrosia
 i - a potion of flight
 l - 5 potions of curing
 n - a potion of agility
 o - a potion of invisibility {unknown}
 s - 2 potions of resistance
Comestibles
 d - 6 rations
 p - a chunk of flesh


   Skills:
 - Level 2.1 Fighting
 + Level 8.6 Polearms
 - Level 0.6 Armour
 + Level 7.8 Dodging
 - Level 4.0 Shields
 - Level 2.0 Spellcasting
 + Level 7.0 Charms


You had 2 spell levels left.
You knew the following spells:

 Your Spells              Type           Power        Failure   Level  Hunger
a - Infusion              Chrm           ###.         1%          1    ##.....
b - Shroud of Golubria    Chrm/Tloc      #.........   12%         2    ###....
c - Spectral Weapon       Hex/Chrm       #.......     24%         3    ####...
d - Regeneration          Chrm/Necr      #.........   24%         3    ####...

Your spell library contained the following spells:

 Spells                   Type           Power        Failure   Level  Hunger
 Song of Slaying          Chrm           ###.....     3%          2    ###....


Dungeon Overview and Level Annotations

Branches:
Dungeon (5/15)
 Temple: D:4-7

Altars:
Cheibriados
Fedhas
Qazlal
Trog

Shops:
D:4 !


Message History

Your Charms skill increases to level 7!
You feel a bit more experienced.
An orc comes into view.
You see here a sky beast corpse.
The orc shouts!
Found 10 gold pieces and a scroll labeled IWKIDW ZAOSORCH.
Something hits you but does no damage.
Deactivating autopickup; reactivate with Ctrl-A.
Something hits you! Something hits you. The orc hits you.
You block something's attack. Something hits you! The orc misses you.
Something hits you.
* * * LOW HITPOINT WARNING * * *
An orc is nearby!
You hit the orc.
The orc is heavily wounded.
Something hits you.
* * * LOW HITPOINT WARNING * * *
The orc misses you. Something hits you!
You die...

...###..# ....# ##
##..##..# ##≈≈≈≈≈≈≈≈≈≈≈≈
#..###
#......###≈≈≈≈≈≈≈≈≈≈≈≈≈≈
#..#
##..#...##≈≈≈≈≈≈≈≈≈≈≈≈≈≈≈
#...
...###..#≈≈≈≈≈≈≈≈≈≈≈≈≈≈≈≈
##... ..##
####≈≈≈≈≈≈≈≈≈≈≈≈≈≈≈≈
#.... .##
≈≈≈≈≈≈≈#$?#≈≈≈≈≈ ##....
.# ≈≈≈≈≈≈≈.##.≈≈≈≈≈
#..... ##
≈≈≈≈≈≈≈@##$≈≈≈≈≈ #..... #
#######≈≈≈≈≈≈≈#..#≈≈≈≈≈
#.....
###.....#≈≈≈≈≈≈≈≈.o≈≈≈≈≈≈
####..
........#≈≈≈≈≈≈≈≈..≈≈≈≈≈≈
#..
........##≈≈≈≈≈≈≈..≈≈≈≈≈≈
#..
.........##≈≈≈≈≈≈..≈≈≈≈≈≈
##..
..........##≈≈≈≈≈†.≈≈≈≈≈#
#...
...........##≈≈≈≈..≈≈≈≈##
##...
............##≈≈≈..≈≈≈##
##....


You could see an orc.

Vanquished Creatures
  The ghost of Feetnoise the Shield-Bearer, an amateur HOFi (D:3)
  The ghost of Sharpo the Covered, an amateur GrFi (D:3)
  A sky beast (D:5)
  The ghost of senseless the Shield-Bearer, an amateur MiFi of Okawaru (D:3)
  The ghost of Curus the Slasher, an amateur MiMo (D:3)
  2 phantoms (D:5)
  An ogre (D:4)
  2 elf zombies (Ossuary)
  2 scorpions (D:4)
  2 hounds (D:5)
  An orc priest (D:5)
  An iguana (D:5)
  3 worker ants
  A big kobold zombie (Ossuary)
  A hound zombie (Ossuary)
  A hound skeleton (D:4)
  4 mummies (Ossuary)
  10 adders
  A shadow imp (D:5)
  An ooze (D:2)
  An adder zombie (Ossuary)
  An adder skeleton (D:3)
  3 worms
  4 leopard geckos
  7 orcs
  8 bats
  4 giant cockroaches
  3 gnoll zombies (Ossuary)
  9 goblins
  12 hobgoblins
  9 jackals
  3 quokkas
  4 frilled lizards
  A hobgoblin zombie (Ossuary)
  A jackal zombie (D:5)
  7 kobolds
  2 orc zombies (Ossuary)
  A quokka skeleton (D:5)
  8 rats
  2 rat zombies
128 creatures vanquished.

Vanquished Creatures (others)
  A withered plant (D:3)
1 creature vanquished.

Grand Total: 129 creatures vanquished

Notes
Turn   | Place    | Note
-------+----------+-------------------------------------------
     0 | D:1      | kae the Merfolk Skald began the quest for the Orb.
     0 | D:1      | Reached XP level 1. HP: 16/16 MP: 3/3
   330 | D:1      | Reached XP level 2. HP: 19/22 MP: 3/5
   348 | D:1      | Learned a level 2 spell: Shroud of Golubria
   602 | D:1      | Reached XP level 3. HP: 22/27 MP: 3/6
   982 | D:2      | Reached skill level 4 in Polearms
   991 | D:2      | Found a snail-covered altar of Cheibriados.
  1054 | D:2      | Reached XP level 4. HP: 20/33 MP: 1/7
  1670 | D:2      | Found a bloodstained altar of Trog.
  2115 | D:3      | You fall through a shaft!
  2162 | D:3      | Reached XP level 5. HP: 5/38 MP: 1/8
  2490 | D:3      | Found a faded altar of an unknown god.
  2649 | D:3      | Found a runed translucent gate.
  2650 | D:3      | Found a runed translucent gate.
  2653 | D:3      | Found a runed translucent gate.
  2653 | D:3      | Noticed Feetnoise's ghost (amateur HOFi)
  2653 | D:3      | Noticed Curus's ghost (amateur MiMo)
  2653 | D:3      | Noticed senseless's ghost (amateur MiFi)
  2653 | D:3      | Noticed Sharpo's ghost (amateur GrFi)
  3119 | D:3      | Reached skill level 5 in Polearms
  3119 | D:3      | Reached skill level 1 in Shields
  3541 | D:4      | Found Qyrhou Utei's Distillery.
  3678 | D:4      | Bought a potion of lignification for 30 gold pieces
  3678 | D:4      | Bought a potion of heal wounds for 50 gold pieces
  3714 | D:4      | Reached XP level 6. HP: 27/44 MP: 3/9
  3867 | D:4      | Reached skill level 5 in Dodging
  4006 | D:4      | Learned a level 3 spell: Spectral Weapon
  4010 | D:4      | Learned a level 3 spell: Regeneration
  4033 | D:4      | Reached skill level 5 in Charms
  4469 | D:4      | Reached skill level 6 in Polearms
  4750 | D:4      | Reached XP level 7. HP: 50/50 MP: 6/10
  4817 | D:3      | Killed Sharpo's ghost
  4823 | D:3      | HP: 2/50 [Feetnoise's ghost (13)]
  4828 | D:3      | Killed Feetnoise's ghost
  4831 | D:3      | Killed senseless's ghost
  4939 | D:3      | Killed Curus's ghost
  4939 | D:3      | Reached skill level 7 in Polearms
  4939 | D:3      | Reached XP level 8. HP: 18/56 MP: 6/11
  5192 | D:5      | Entered Level 5 of the Dungeon
  5324 | D:5      | Found a sand-covered staircase.
  5337 | Ossuary  | Entered an ossuary
  5818 | D:5      | Reached skill level 8 in Polearms
  5844 | D:5      | Found a stormy altar of Qazlal.
  5847 | D:5      | Found a blossoming altar of Fedhas.
  6194 | D:5      | Slain by an unseen horror

Skill      XL: |  1  2  3  4  5  6  7  8 |
---------------+-------------------------+-----
Dodging        | 3 4 5 6 7 |  7.8
Polearms       | 4 5 6 7 8 |  8.6
Charms         | 4 5 6 7 |  7.0
Shields        | 1 2 3 4 |  4.0
Fighting       | |  2.1
Armour         | |  0.6
Spellcasting   | |  2.0

Action                   |  1- 3 |  4- 6 |  7- 9 || total
-------------------------+-------+-------+-------++-------
Melee: Spear             |   141 |   270 |   228 ||   639
 Cast: Infusion          |     6 |    25 |    13 ||    44
       Shroud of Golubri |     2 |     1 |     2 ||     5
  Use: Scroll            |       |     5 |     8 ||    13
       Potion            |       |     2 |     7 ||     9
 Stab: Sleeping          |     2 |     2 |       ||     4
       Distracted        |       |       |     1 ||     1
  Eat: Chunk             |     1 |    11 |     3 ||    15
       Ration            |       |       |     1 ||     1
Armor: Leather armour    |    30 |    28 |    12 ||    70
       Skin              |       |       |     2 ||     2
Dodge: Dodged            |    75 |   113 |    61 ||   249
Block: Buckler           |       |    29 |    29 ||    58
